 Dungeon Crawl Stone Soup version 0.30-a0-1114-gd936c97349 (webtiles) character file.

Game seed: 15580056583300169315

76716 meatpath the Warrior (level 15, -1/151 HPs)
             Began as a Minotaur Berserker on Apr 20, 2023.
             Was the Champion of Trog.
             Slain by an orc warrior
             ... wielding a +0 war axe
              (14 damage)
             ... on level 2 of the Orcish Mines.
             The game lasted 01:03:14 (19046 turns).

meatpath the Warrior (Minotaur Berserker)          Turns: 19046, Time: 01:03:14

Health: -1/151     AC: 36    Str: 33    XL:     15   Next: 13%
Magic:  14/14      EV: 15    Int:  6    God:    Trog [******]
Gold:   1855       SH:  0    Dex: 13    Spells: 14/14 levels left

rFire   + . .      SeeInvis .    C - +6 executioner's axe of Xipsutul {flame, Dex+3}
rCold   + . .      Faith    .    (shield currently unavailable)
rNeg    . . .      Spirit   .    U - +9 scales of the Dragon King {rPois rF+ rC+ Will+}
rPois   +          Reflect  .    K - +0 hat
rElec   .          Rampage  .    p - +2 cloak
rCorr   .                        W - +1 pair of gloves
Will    ++...                    o - +0 pair of boots Stlth
                                 A - amulet of the acrobat
HPRegen 0.45/turn                h - +6 ring of strength
MPRegen 0.14/turn                t - +5 ring of evasion

@: on berserk cooldown, hasted and slowed
A: horns 2, retaliatory headbutt
a: Renounce Religion, Berserk, Trog's Hand, Brothers in Arms


You were on level 2 of the Orcish Mines.
You worshipped Trog.
Trog was exalted by your worship.
You visited 3 branches of the dungeon, and saw 19 of its levels.

You collected 1855 gold pieces.

Inventory:

Hand Weapons
 C - the +6 executioner's axe of Xipsutul (weapon) {flame, Dex+3}
   (Trog gifted it to you on level 5 of the Lair of Beasts)

   Dex:       It affects your dexterity (+3).
 X - a +5 heavy executioner's axe
Missiles
 i - 2 throwing nets (quivered)
Armour
 o - a +0 pair of boots (worn)
 p - a +2 cloak (worn)
 K - a +0 hat (worn)
 U - the +9 scales of the Dragon King (worn) {rPois rF+ rC+ Will+}
   (You found it on level 11 of the Dungeon)

   rF:        It protects you from fire.
   rC:        It protects you from cold.
   rPois:     It protects you from poison.
   Will:      It increases your willpower.
 W - a +1 pair of gloves (worn)
Jewellery
 h - a +6 ring of strength (left hand)
 t - a +5 ring of evasion (right hand)
 x - an amulet of magic regeneration
 A - an amulet of the acrobat (around neck)
 L - a ring of protection from cold
 Q - a ring of ice
 S - a +4 ring of slaying
Wands
 v - a wand of paralysis (17)
 B - a wand of light (20)
 F - a wand of flame (15)
 G - a wand of iceblast (10)
 H - a wand of mindburst (5)
 P - a wand of digging (4)
Scrolls
 a - a scroll of immolation {unknown}
 e - 3 scrolls of poison
 f - 9 scrolls of teleportation
 g - 3 scrolls of magic mapping {unknown}
 j - a scroll of silence
 l - 6 scrolls of fear {unknown}
 r - 4 scrolls of blinking
 s - 2 scrolls of enchant armour {unknown}
 u - a scroll of vulnerability {unknown}
 w - 5 scrolls of noise {unknown}
 y - a scroll of summoning {unknown}
 z - 4 scrolls of enchant weapon
 J - 3 scrolls of acquirement {unknown}
 M - 3 scrolls of amnesia {unknown}
 R - 2 scrolls of fog {unknown}
Potions
 b - 3 potions of degeneration
 c - 3 potions of cancellation
 d - 4 potions of mutation
 k - 5 potions of flight
 m - 3 potions of brilliance
 n - 11 potions of curing
 q - 3 potions of might {unknown}
 E - 5 potions of ambrosia
 N - a potion of resistance
 O - 3 potions of lignification {unknown}
 T - a potion of attraction {unknown}
Miscellaneous
 V - a phantom mirror


   Skills:
 + Level 18.8 Fighting
 - Level 3.7 Long Blades
 + Level 18.4 Axes
 - Level 13.2 Armour
 - Level 9.5 Dodging
 + Level 7.4 Evocations


You had 14 spell levels left.
You didn't know any spells.
Your spell library was empty.

Dungeon Overview and Level Annotations

Branches:
Dungeon (12/15)            Temple (0/1) D:5            Lair (5/5) D:9
  Swamp (0/4) Lair:3        Snake (0/4) Lair:3        Slime (0/5) Lair:5
    Orc (2/2) D:10
    Elf: Orc:2

Altars:
Dithmenos
Gozag
Qazlal
Zin
The Shining One
Jiyva

Shops:
D:1 [

Annotations:
Lair:3 exclusion: 4 oklob plants


Innate Abilities, Weirdness & Mutations

You have a pair of horns on your head.
You reflexively headbutt those who attack you in melee.


Message History

The sixfirhy hits you!
* * * LOW HITPOINT WARNING * * *
The sixfirhy shocks you!
* * * LOW HITPOINT WARNING * * *
The sixfirhy hits you but does no damage. x2
An orc sorcerer comes into view. It is wielding a +0 dagger.
The sixfirhy closely misses you. You furiously retaliate!
You headbutt the sixfirhy! The orc high priest misses you.
The orc knight roars a battlecry!
The orcs go into a battle-frenzy!
An orc priest comes into view. It is wielding a +0 club.
The sixfirhy closely misses you.
The orc high priest starts to sing a prayer.
The orc high priest prays to Beogh.
The orc high priest hits you but does no damage.
The orc warrior hits you from afar with a +0 halberd.
* * * LOW HITPOINT WARNING * * *
The orc knight roars a battlecry!
The orc warrior misses you.
The orc warrior attacks as you move away!
The orc warrior hits you with a +0 war axe.
* * * LOW HITPOINT WARNING * * *
The orc knight roars a battlecry!
The orc knight goes into a battle-frenzy!
The orc high priest prays.
The orc priest calls upon Beogh to heal the orc knight.
The orc knight is healed somewhat.
The sixfirhy closely misses you. x2
The sixfirhy hits you but does no damage.
The sixfirhy misses you.
The orc knight roars a battlecry!
The orc knight goes into a battle-frenzy!
The orc warrior attacks as you move away!
The orc warrior completely misses you.
The orc high priest whispers, "I'll spare you if you take my job."
There is a stone staircase leading up here.
The orange demon disappears in a puff of smoke!
The sixfirhy closely misses you.
The orc warrior hits you with a +0 war axe!
You die...

.............o..##.## ###
..........o.4.o..######.##
...........o..o....##....#
...............oo.......##
............§o.#....#.###
...............o4....##.##
................o........#
.....<.........3o..).##.##
................@.#.#####
..................###
..#.##..#..#.#.#.##
##################


You could see 2 orc knights, 2 orc high priests, an orange demon (summoned), a
sixfirhy (summoned), a chaos spawn (summoned), an orc sorcerer (strong), 4 orc
warriors and an orc (strong).

Vanquished Creatures
  Gastronok (D:10)
  2 orc warlords
  2 fire dragons (Lair:5)
  3 entropy weavers (D:11)
  Erolcha (Orc:1)
  5 hydras
  Erica (D:9)
  3 ghost crabs (D:11)
  A boulder beetle (D:11)
  3 two-headed ogres
  5 death yaks
  2 orc high priests
  Amaemon (Lair:2)
  3 skysharks
  5 fire crabs (D:11)
  A lindwurm (Lair:5)
  A swamp dragon (Lair:5)
  2 orc knights
  2 orc sorcerers
  2 cyclopes
  2 manticores
  A guardian serpent (Lair:3)
  11 elephants
  8 black mambas
  7 torpor snails
  An orange demon (Lair:2)
  An apocalypse crab (D:11)
  12 cane toads
  The ghost of qeuew the Ducker, a novice DjHW (D:4)
  4 rime drakes
  9 komodo dragons
  3 unseen horrors
  A queen bee (Lair:3)
  3 polar bears
  2 trolls
  9 hornets
  6 tyrant leeches
  32 blink frogs
  10 dream sheep
  A shadow (D:9)
  A wraith (D:9)
  A vampire (D:10)
  40 yaks
  7 basilisks
  8 wyverns
  4 steam dragons
  A vampire mosquito (D:12)
  5 wargs
  A swamp worm (Lair:3)
  2 acid dragons (Lair:5)
  14 water moccasins
  17 orc warriors
  A swamp drake (Lair:5)
  A black bear (D:5)
  An ice beast (D:8)
  4 ogres
  22 wolves
  3 centaurs
  2 kobold brigands
  12 bullfrogs
  2 scorpions (D:4)
  5 wights (D:6)
  41 killer bees
  3 howler monkeys
  4 jellies
  3 hounds
  19 orc priests
  Crazy Yiuf (D:2)
  A gnoll bouda (D:4)
  6 iguanas
  22 orc wizards
  9 hell rats
  6 gnolls (D:4)
  4 adders
  9 river rats
  4 white imps
  2 ufetubi
  71 orcs
  9 endoplasms
  7 giant cockroaches
  5 goblins
  7 hobgoblins
  13 jackals
  8 quokkas
  11 ball pythons
  2 bats
  4 frilled lizards
  13 kobolds
  22 rats
630 creatures vanquished.

Vanquished Creatures (others)
  29 fungi
  82 plants
111 creatures vanquished.

Grand Total: 741 creatures vanquished

Notes
Turn   | Place    | Note
-------+----------+-------------------------------------------
     0 | D:1      | meatpath the Minotaur Berserker began the quest for the
                  | Orb.
     0 | D:1      | Reached XP level 1. HP: 19/19 MP: 0/0
   392 | D:1      | Found Xiupn's Armour Boutique.
   397 | D:1      | Reached XP level 2. HP: 22/27 MP: 1/1
   978 | D:2      | Reached XP level 3. HP: 33/33 MP: 2/2
  1246 | D:2      | Found a faded altar of an unknown god.
  1319 | D:2      | Reached ** piety under Trog
  1367 | D:2      | Found a runed translucent door.
  1368 | D:2      | Noticed Crazy Yiuf
  1713 | D:2      | Killed Crazy Yiuf
  1714 | D:2      | Reached XP level 4. HP: 10/41 MP: 0/3
  1942 | D:3      | HP: 1/61 [ufetubus (4)]
  2179 | D:3      | Found a glowing golden altar of the Shining One.
  2904 | D:3      | Found an opulent altar of Gozag.
  2914 | D:3      | Found a shadowy altar of Dithmenos.
  2945 | D:4      | Reached skill level 5 in Fighting
  2945 | D:4      | Reached XP level 5. HP: 48/48 MP: 4/4
  2950 | D:4      | Reached skill level 5 in Axes
  3327 | D:4      | Found a runed translucent gate.
  3327 | D:4      | Found a runed translucent gate.
  3328 | D:4      | Found a runed translucent gate.
  3328 | D:4      | Noticed an ogre
  3332 | D:4      | Noticed qeuew's ghost (novice DjHW)
  3360 | D:4      | Reached XP level 6. HP: 56/56 MP: 5/5
  3389 | D:4      | Reached skill level 5 in Armour
  3905 | D:3      | Reached XP level 7. HP: 42/63 MP: 6/6
  3979 | D:4      | Killed qeuew's ghost
  4074 | D:5      | Entered Level 5 of the Dungeon
  4098 | D:5      | Identified the +0 leather armour of the Three of Cups
                  | {Regen+ rCorr}
  4251 | D:5      | Found a staircase to the Ecumenical Temple.
  4326 | D:5      | Found a stormy altar of Qazlal.
  4335 | D:5      | Reached XP level 8. HP: 73/73 MP: 7/7
  4616 | D:5      | Found a glowing silver altar of Zin.
  4775 | D:6      | Reached *** piety under Trog
  5716 | D:6      | Reached XP level 9. HP: 83/83 MP: 8/8
  7485 | D:8      | Reached skill level 10 in Fighting
  7485 | D:8      | Reached skill level 10 in Axes
  7889 | D:9      | Noticed a two-headed ogre
  7900 | D:9      | Killed a two-headed ogre
  7901 | D:9      | Reached skill level 10 in Armour
  7901 | D:9      | Reached XP level 10. HP: 94/94 MP: 9/9
  8145 | D:9      | Reached **** piety under Trog
  8286 | D:9      | Noticed Erica
  8299 | D:9      | Killed Erica
  8490 | D:9      | Reached skill level 5 in Dodging
  8619 | D:9      | Found a staircase to the Lair.
  8730 | D:9      | Noticed a two-headed ogre
  8741 | D:9      | Killed a two-headed ogre
  8926 | D:10     | Entered Level 10 of the Dungeon
  9011 | D:10     | Noticed Gastronok
  9014 | D:10     | Reached XP level 11. HP: 100/104 MP: 10/10
  9024 | D:10     | Killed Gastronok
  9430 | D:10     | Found a staircase to the Orcish Mines.
  9460 | D:10     | Reached ***** piety under Trog
  9922 | D:11     | Noticed a boulder beetle
  9946 | D:11     | Killed a boulder beetle
 10648 | D:11     | Found a runed translucent door.
 10655 | D:11     | Noticed a fire crab
 10662 | D:11     | Killed a fire crab
 10714 | D:11     | Noticed an entropy weaver
 10714 | D:11     | Noticed a fire crab
 10721 | D:11     | Killed a fire crab
 10727 | D:11     | Killed an entropy weaver
 10789 | D:11     | Noticed a fire crab
 10804 | D:11     | Killed a fire crab
 10999 | D:11     | Noticed a fire crab
 11008 | D:11     | HP: 8/162 [fire crab] (4)]
 11008 | D:11     | Killed a fire crab
 11274 | D:11     | Noticed a fire crab
 11297 | D:11     | Killed a fire crab
 11678 | D:11     | Noticed a ghost crab
 11686 | D:11     | Killed a ghost crab
 11687 | D:11     | Reached XP level 12. HP: 117/117 MP: 11/11
 11742 | D:11     | Noticed an entropy weaver
 11758 | D:11     | Killed an entropy weaver
 11817 | D:11     | Noticed a ghost crab
 11828 | D:11     | Killed a ghost crab
 11911 | D:11     | Noticed a ghost crab
 11921 | D:11     | Killed a ghost crab
 11983 | D:11     | Noticed an entropy weaver
 11997 | D:11     | Killed an entropy weaver
 12028 | D:11     | Found the +9 scales of the Dragon King {rPois rF+ rC+
                  | Will+}
 12272 | D:12     | Noticed a catoblepas
 12272 | D:12     | Noticed a catoblepas
 12414 | Lair:1   | Entered Level 1 of the Lair of Beasts
 12957 | Lair:1   | Reached skill level 15 in Fighting
 12957 | Lair:1   | Reached skill level 15 in Axes
 13077 | Lair:1   | Noticed a seven-headed hydra
 13090 | Lair:1   | Killed a two-headed hydra
 13626 | Lair:2   | Reached XP level 13. HP: 109/127 MP: 12/12
 14117 | Lair:2   | Noticed Amaemon
 14130 | Lair:2   | Killed Amaemon
 14473 | Lair:2   | Received a gift from Trog
 14899 | Lair:3   | Found a staircase to the Snake Pit.
 14952 | Lair:3   | Reached ****** piety under Trog
 15041 | Lair:3   | Reached skill level 1 in Evocations
 15492 | Lair:3   | Received a gift from Trog
 15609 | Lair:3   | Reached XP level 14. HP: 112/140 MP: 13/13
 15765 | Lair:3   | Found a staircase to the Swamp.
 16984 | Lair:5   | Entered Level 5 of the Lair of Beasts
 16987 | Lair:5   | Reached skill level 1 in Long Blades
 17195 | Lair:5   | Reached skill level 5 in Evocations
 17212 | Lair:5   | Identified the +6 executioner's axe of Xipsutul {flame,
                  | Dex+3} (Trog gifted it to you on level 5 of the Lair of
                  | Beasts)
 17212 | Lair:5   | Received a gift from Trog
 17273 | Lair:5   | Found a staircase to the Slime Pits.
 17274 | Lair:5   | Found a viscous altar of Jiyva.
 17812 | Lair:5   | Found a runed translucent door.
 18466 | Orc:1    | Entered Level 1 of the Orcish Mines
 18680 | Orc:1    | Received a gift from Trog
 18723 | Orc:1    | Noticed an orc warlord
 18733 | Orc:1    | Killed an orc warlord
 18735 | Orc:1    | Reached XP level 15. HP: 133/150 MP: 14/14
 18833 | Orc:1    | Noticed Erolcha
 18839 | Orc:1    | Killed Erolcha
 18914 | Orc:2    | Entered Level 2 of the Orcish Mines
 19025 | Orc:2    | Received a gift from Trog
 19046 | Orc:2    | Slain by an orc warrior

Illustrated notes

Levels and vault maps discovered:
D:1:      wander_arrival_desolate, layout_basic, serial_shops,
          nicolae_shop_advertising_works [nicolae_subvault_shop_adworks]
D:2:      layout_rooms, chequers_ecumenical_altar_grove,
          kennysheep_generic_room_10, uniq_crazy_yiuf_cottage
D:3:      layout_basic, mainiacjoe_overflow_concentric_impassable,
          mainiacjoe_overflow_swirl
D:4:      layout_basic, gammafunk_ghost_split
D:5:      layout_loops_ring, zin_academy, lemuel_crystal_altar,
          minmay_temple_entry_overgrown
D:6:      layout_basic, lexackson_kobold_supper
D:7:      layout_gridville, wad_floor_pattern_untrapped
D:8:      layout_loops_ring
D:9:      layout_gridville, lair_entry_dummy, minmay_starry_boxes, uniq_erica
D:10:     layout_basic, hiddenorc2_lemuel, uniq_gastronok
D:11:     gammafunk_mikee_crab_dinner, layout_basic, chequers_jeans
D:12:     nzn_motion_control, layout_basic, nicolae_trove_entry_crossroad,
          uniq_josephine
Lair:1:   layout_cave_shapes, serial_forest, infiniplex_forest_straight_2,
          infiniplex_forest_end_1, infiniplex_forest_lined_room_2,
          infiniplex_forest_split, infiniplex_forest_lined_corner,
          infiniplex_forest_straight_2, infiniplex_forest_end_3,
          grunt_megastairs_5, infiniplex_staircase_pool
Lair:2:   lemuel_ratsnest, layout_loops_ring, grunt_megastairs_4, uniq_amaemon
Lair:3:   hangedman_what_comes_after_a, layout_regular_city,
          palyth_hydra_swamp_entry, minmay_snake_entry_spellcaster
Lair:4:   layout_gridlike
Lair:5:   wormcave, layout_regular_city, guppyfry_lair_end_dragon,
          nicolae_slime_entry_slimehenge, st_stairs_5,
          chequers_serial_rivers_large_b
Orc:1:    nicolae_orc_accident_2, layout_diamond_mine, uniq_erolcha
Orc:2:    st_orc_congregation, layout_caves, minmay_orc_barracks

Skill      XL: |  1  2  3  4  5  6  7  8  9 10 11 12 13 14 |
---------------+-------------------------------------------+-----
Fighting       | 4 5 6 7 9 10 12 14 15 17 18 | 18.8
Axes           | 4 5 6 7 9 10 12 13 15 17 18 | 18.4
Armour         | 3 4 5 6 8 10 11 13 | 13.2
Dodging        | 6 8 9 |  9.5
Evocations     | 3 7 |  7.4
Long Blades    | 3 |  3.7

Action                     |  1- 3 |  4- 6 |  7- 9 | 10-12 | 13-15 || total
---------------------------+-------+-------+-------+-------+-------++-------
  Melee: Hand axe          |    93 |    94 |   223 |   334 |       ||   744
         Headbutt          |     3 |    17 |    34 |   117 |   121 ||   292
         Punch             |       |     2 |     1 |     9 |     4 ||    16
         War axe           |       |       |       |   173 |   116 ||   289
         Scimitar          |       |       |       |     7 |    26 ||    33
         Battleaxe         |       |       |       |       |   263 ||   263
         Executioner's axe |       |       |       |       |   212 ||   212
 Invoke: Berserk           |     1 |     2 |     3 |     9 |     2 ||    17
    Use: Scroll            |       |     1 |    10 |     4 |       ||    15
         Potion            |       |       |       |       |     2 ||     2
   Stab: Sleeping          |       |     1 |       |       |       ||     1
 Armour: Animal skin       |    15 |    15 |       |       |       ||    30
         Chain mail        |       |    23 |    63 |    81 |       ||   167
         Plate armour      |       |       |       |   113 |       ||   113
         Gold dragon scale |       |       |       |   100 |   416 ||   516
  Dodge: Dodged            |    73 |    57 |   118 |   313 |   631 ||  1192

Table legend: (Time is in decaauts)
 A = Elapsed time spent in this place.
 B = Non-inter-level travel time spent in this place.
 C = Inter-level travel time spent in this place.
 D = Time resting spent in this place.
 E = Time spent auto-exploring this place.
 F = Levels seen in this place.
 G = Mean time per level.
                   A        B        C        D        E       F      G
               +--------+--------+--------+--------+--------+-----+--------+
         Total |  19163 |  18016 |   1147 |   3469 |  10519 |  19 | 1008.6 |
       Dungeon |  12529 |  11604 |    925 |   2972 |   6659 |  12 | 1044.1 |
          Lair |   6060 |   5868 |    192 |    478 |   3552 |   5 | 1212.0 |
  Orcish Mines |    574 |    545 |     29 |     19 |    308 |   2 |  287.0 |
               +--------+--------+--------+--------+--------+-----+--------+

Top non-repeatable levels by time:
    D:11: 2581 daAuts
  Lair:3: 1467 daAuts
  Lair:5: 1409 daAuts
     D:6: 1246 daAuts
     D:2: 1211 daAuts
  Lair:2: 1187 daAuts
     D:7: 1183 daAuts
  Lair:1: 1140 daAuts
     D:9: 1115 daAuts
     D:3: 1049 daAuts
     D:1: 947 daAuts
     D:4: 925 daAuts
    D:10: 884 daAuts
  Lair:4: 855 daAuts
     D:8: 696 daAuts
